 Dungeon Crawl Stone Soup version 0.29-a0-338-g1ff7896281 (console) character file.

Game seed: 7486332661039142066

20219 clara the Cleaver (level 12, -2/96 HPs)
             Began as a Demigod Wanderer on Apr 18, 2022.
             Slain by a death yak (24 damage)
             ... on level 3 of the Lair of Beasts.
             The game lasted 00:42:51 (21411 turns).

clara the Cleaver (Demigod Wanderer)               Turns: 21411, Time: 00:42:51

Health: -2/96      AC: 10    Str: 15    XL:     12   Next: 15%
Magic:  23/28      EV: 11    Int: 29    God:
Gold:   715        SH:  0    Dex: 22    Spells: 11/27 levels left

rFire   . . .      SeeInvis .   a - +8 mithril axe "Arga" {speed, Will+}
rCold   + . .      Faith    .   (no shield)
rNeg    + + +      Spirit   .   F - +0 steam dragon scales
rPois   +          Reflect  .   O - +0 helmet "Eddut" {Dex+7}
rElec   +          Harm     .   (no cloak)
rCorr   .          Rampage  .   P - +0 pair of gloves of Impermeability {rElec rC+ rN++ Int+3}
Will    +++..                   B - +1 pair of boots "Cado Otoff" {Will+}
Stlth   ++........              (no amulet)
HPRegen 0.26/turn               u - ring of poison resistance
MPRegen 0.21/turn               A - ring of positive energy

@: no status effects
A: high MP 1, forlorn, divine attributes
a: no special abilities


You were on level 3 of the Lair of Beasts.
You visited 2 branches of the dungeon, and saw 14 of its levels.
You also visited: Gauntlet.

You collected 715 gold pieces.

Inventory:

Hand Weapons
 a - the +8 mithril axe "Arga" (weapon) {speed, Will+}
   (You found it in a Gauntlet)

   Attacks with this weapon are significantly faster.
   Will:      It increases your willpower.
 Q - a +4 scimitar of flaming
Missiles
 r - 3 poisoned darts
 w - 3 throwing nets
 J - a curare-tipped dart (quivered)
Armour
 e - a +0 helmet
 B - the +1 pair of boots "Cado Otoff" (worn) {Will+}
   (You found it on level 5 of the Dungeon)

   Will:      It increases your willpower.
 F - +0 steam dragon scales (worn)
 O - the +0 helmet "Eddut" (worn) {Dex+7}
   (You found it in a Gauntlet)

   Dex:       It affects your dexterity (+7).
 P - the +0 pair of gloves of Impermeability (worn) {rElec rC+ rN++ Int+3}
   (You found it on level 11 of the Dungeon)

   Int:       It affects your intelligence (+3).
   rC:        It protects you from cold.
   rElec:     It insulates you from electricity.
   rN:        It greatly protects you from negative energy.
Jewellery
 u - a ring of poison resistance (left hand)
 A - a ring of positive energy (right hand)
Wands
 p - a wand of flame (27)
 q - a wand of acid (2)
 C - a wand of charming (8)
 M - a wand of iceblast (16)
Scrolls
 b - 3 scrolls of enchant armour {unknown}
 c - 4 scrolls of immolation {unknown}
 d - 7 scrolls of teleportation {unknown}
 g - 2 scrolls of amnesia
 h - 2 scrolls of fog {unknown}
 j - 4 scrolls of noise {unknown}
 k - 4 scrolls of vulnerability
 s - 2 scrolls of magic mapping
 v - 3 scrolls of enchant weapon
 y - 4 scrolls of identify
 D - a scroll of holy word {unknown}
 K - 3 scrolls of brand weapon {unknown}
 N - a scroll of summoning {unknown}
Potions
 f - a potion of flight
 i - 4 potions of brilliance
 l - 9 potions of curing
 m - a potion of resistance
 n - 3 potions of mutation
 o - 3 potions of heal wounds
 t - 3 potions of berserk rage
 x - 2 potions of invisibility
 E - a potion of ambrosia
 H - a potion of magic
 L - 6 potions of might
Miscellaneous
 I - a phantom mirror


   Skills:
 - Level 6.0 Fighting
 + Level 10.8 Axes
 - Level 5.0 Armour
 - Level 1.0 Stealth
 - Level 8.0 Spellcasting
 - Level 8.0 Necromancy
 - Level 8.0 Earth Magic
 - Level 1.7 Poison Magic
 - Level 2.0 Evocations


You had 11 spell levels left.
You knew the following spells:

 Your Spells              Type           Power      Damage    Failure   Level
a - Pain                  Necr           100%       1d9       1%          1
b - Sting                 Tmut/Pois      64%        1d6       3%          1
c - Vampiric Draining     Necr           55%        2d9       1%          3
d - Corpse Rot            Necr/Air       68%        N/A       1%          2
e - Dispel Undead         Necr           55%        3d20      1%          4
f - Lee's Rapid Deconstr  Erth           27%        3d16*     4%          5

Your spell library contained the following spells:

 Spells                   Type           Power      Damage    Failure   Level
 Animate Skeleton         Necr           100%       N/A       1%          1
 Sublimation of Blood     Necr           55%        N/A       1%          2
 Foxfire                  Conj/Fire      44%        2x1d6     4%          1
 Poisonous Vapours        Pois/Air       32%        N/A       4%          2
 Agony                    Necr           55%        N/A       4%          5
 Excruciating Wounds      Necr           27%        N/A       4%          5
 Wereblood                Tmut           11%        N/A       7%          2
 Animate Armour           Summ/Erth      68%        N/A       9%          4
 Ignite Poison            Fire/Tmut/Pois 15%        N/A       11%         3
 Ozocubu's Armour         Ice            11%        N/A       14%         3
 Cause Fear               Hex            5%         N/A       41%         4
 Fulminant Prism          Conj/Hex       5%         3d7       41%         4
 Iskenderun's Mystic Bla  Conj/Tloc      11%        2d4       41%         4
 Statue Form              Tmut/Erth      22%        N/A       80%         6
 Dragon Form              Tmut           5%         N/A       100%        7
 Ozocubu's Refrigeration  Ice            5%         4d6       100%        7
 Summon Hydra             Summ           5%         N/A       100%        7
 Dragon's Call            Summ           5%         N/A       100%        9
 Shatter                  Erth           27%        3d23*     100%        9


Dungeon Overview and Level Annotations

Branches:
Dungeon (11/15)            Temple (0/1) D:7            Lair (3/6) D:9
  Swamp (0/4) Lair:2        Snake (0/4) Lair:3      Gauntlet (visited)
    Orc: D:9-12


Innate Abilities, Weirdness & Mutations

You have an increased reservoir of magic. (+10% MP)
You shall have no god before yourself.
Your divine heritage dramatically boosts your attributes as you level up.


Message History

The water moccasin bites you but does no damage.
The death yak bellows!
You hit the death yak.
The death yak is lightly wounded.
You closely miss the water moccasin. You hit the death yak but do no damage.
The death yak is lightly wounded.
You slash the water moccasin!
You kill the water moccasin!
The death yak gores you!!
The death yak bellows!
You hit the death yak.
The death yak is lightly wounded.
You hear a bellow!
The death yak gores you!!
Casting: Lee's Rapid Deconstruction (dangerous; 4% risk of failure)
Confirm with . or Enter, or press ? or * to list all spells.
Aiming: Vampiric Draining (safe; 1% risk of failure)
Press: ? - help, Shift-Dir - straight line, f - death yak
Aim: a death yak (lightly wounded)
You draw life force from the death yak.
You feel life coursing into your body. The death yak gores you!
* * * LOW HITPOINT WARNING * * *
Casting: Vampiric Draining (safe; 1% risk of failure)
Confirm with . or Enter, or press ? or * to list all spells.
Aiming: Vampiric Draining (safe; 1% risk of failure)
Press: ? - help, Shift-Dir - straight line, f/p - death yak
Aim: a death yak (lightly wounded)
You draw life force from the death yak!
You feel life coursing into your body. The death yak barely misses you.
The death yak gores you!!
* * * LOW HITPOINT WARNING * * *
The death yak bellows!
As you read the scroll of fear, it crumbles to dust.
You assume a fearsome visage.
The death yak resists with almost no effort.
The death yak easily resists.
The death yak looks frightened!
The death yak resists with almost no effort.
You feel much better. The death yak gores you!!
You die...

##... ... # ..
.Y... #.###### ##
P.# #Y #..##.###.
#.P###. #.........
#...#..
##.####.#P#
#......## ##.##
#####
#..P...Y#######.##
#
...[>P!.Y##..##..#
#
......Y†Y@.....†.#
##
.####...##......##
#. #...#####...#
## #...## ##### #
#... # ##.. . ##.
. #. .. ..


You could see 4 death yaks.

Vanquished Creatures
  A minotaur (Gauntlet)
  A death yak (Lair:2)
  A glowing orange brain (Gauntlet)
  A manticore (D:11)
  An ugly thing (Gauntlet)
  A cyclops (D:11)
  4 black mambas
  A smoke demon (Gauntlet)
  4 cane toads
  An efreet (D:10)
  A rime drake (Lair:2)
  2 komodo dragons
  2 polar bears
  A troll (D:9)
  3 hornets
  5 blink frogs
  Sigmund (D:2)
  A wraith (D:10)
  4 wyverns
  A vampire (D:11)
  Eustachio (D:5)
  19 yaks
  2 basilisks
  A steam dragon (D:8)
  3 vampire mosquitoes (Lair:2)
  2 wargs (D:8)
  2 acid dragons
  8 water moccasins
  3 orc warriors
  2 ice beasts (D:6)
  2 sky beasts
  2 black bears
  2 ogres
  3 wolves (Lair:2)
  4 centaurs
  2 phantoms
  A kobold brigand (D:10)
  13 bullfrogs
  4 scorpions
  2 gnoll sergeants
  4 necrophages
  16 killer bees
  An electric eel (Lair:2)
  3 crimson imps (Gauntlet)
  2 gnoll shamans
  4 jellies
  7 orc priests
  5 hounds
  5 iguanas
  Ijyb (D:4)
  12 orc wizards
  Robin (D:2)
  27 gnolls
  4 adders
  A shadow imp (D:5)
  A white imp (D:7)
  A worm (D:2)
  5 dart slugs
  24 orcs
  8 endoplasms
  3 giant cockroaches
  15 goblins
  14 hobgoblins
  6 quokkas
  6 ball pythons
  12 bats
  11 kobolds
  4 rats
318 creatures vanquished.

Vanquished Creatures (others)
  21 fungi
  25 plants
46 creatures vanquished.

Grand Total: 364 creatures vanquished

Notes
Turn   | Place    | Note
-------+----------+-------------------------------------------
     0 | D:1      | clara the Demigod Wanderer began the quest for the Orb.
     0 | D:1      | clara set off with the following items: a +0 dagger, a
                  | potion of lignification, a +0 scale mail; and the following
                  | spells available to memorise: Pain, Sting, Corpse Rot,
                  | Ignite Poison, Dispel Undead
     0 | D:1      | Reached XP level 1. HP: 14/14 MP: 4/4
     7 | D:1      | Learned a level 1 spell: Pain
   263 | D:1      | Learned a level 1 spell: Sting
   614 | D:1      | Reached XP level 2. HP: 17/20 MP: 4/7
  1483 | D:1      | Learned a level 2 spell: Corpse Rot
  1528 | D:2      | Reached XP level 3. HP: 21/26 MP: 9/9
  1917 | D:2      | Noticed Robin
  2519 | D:2      | Killed Robin
  2637 | D:2      | Noticed Sigmund
  2637 | D:2      | You fall into a shaft and drop 2 floors!
  2656 | D:4      | Noticed Ijyb
  2669 | D:4      | Killed Ijyb
  2670 | D:4      | Reached XP level 4. HP: 7/33 MP: 2/12
  3244 | D:4      | Noticed a phantom
  3496 | D:3      | Learned a level 3 spell: Vampiric Draining
  3573 | D:2      | Reached skill level 1 in Evocations
  3573 | D:2      | Reached XP level 5. HP: 24/38 MP: 8/13
  4757 | D:2      | Killed Sigmund
  4758 | D:2      | Reached XP level 6. HP: 44/45 MP: 12/15
  5571 | D:4      | Learned a level 4 spell: Dispel Undead
  5588 | D:3      | Reached skill level 5 in Necromancy
  6620 | D:4      | Reached XP level 7. HP: 50/50 MP: 7/16
  6686 | D:5      | Entered Level 5 of the Dungeon
  7104 | D:5      | Reached skill level 5 in Spellcasting
  7737 | D:5      | Reached XP level 8. HP: 46/57 MP: 10/19
  7811 | D:5      | Noticed Eustachio
  7838 | D:5      | Killed Eustachio
  7922 | D:5      | Got the Tome of Burning Clay
  8273 | D:6      | Reached skill level 1 in Fighting
  9267 | D:6      | Reached XP level 9. HP: 66/72 MP: 9/21
  9648 | D:6      | Reached skill level 5 in Fighting
  9896 | D:7      | Found a staircase to the Ecumenical Temple.
 10344 | D:7      | Learned a level 5 spell: Lee's Rapid Deconstruction
 10399 | D:7      | Reached skill level 1 in Earth Magic
 11025 | D:5      | Identified the +1 pair of boots "Cado Otoff" {Will+}
 11677 | D:8      | Identified the +0 pair of boots of Pirem {*Slow Fly Will++}
 12542 | D:9      | Found a staircase to the Lair.
 12887 | D:9      | Reached skill level 5 in Earth Magic
 13390 | D:9      | Reached XP level 10. HP: 75/83 MP: 17/24
 14142 | D:10     | Entered Level 10 of the Dungeon
 14693 | D:10     | Identified the +0 ring mail of Menemoc {rC+ Str+3 Dex-2}
 15132 | D:11     | Identified the +9 battleaxe of Brawling {flame, rN+ Dex+3}
 15297 | D:11     | Found a gate leading to a gauntlet.
 15305 | Gauntlet | Entered a Gauntlet
 15305 | Gauntlet | Found a transporter.
 15305 | Gauntlet | Found a transporter.
 15323 | Gauntlet | Found a transporter.
 15327 | Gauntlet | Found a transporter.
 15335 | Gauntlet | Found a transporter.
 15339 | Gauntlet | Found a transporter.
 15347 | Gauntlet | Found a transporter.
 15360 | Gauntlet | Noticed a white ugly thing
 15362 | Gauntlet | Found a runed translucent door.
 15363 | Gauntlet | Found a transporter.
 15364 | Gauntlet | Found a runed translucent door.
 15365 | Gauntlet | Noticed a glowing orange brain
 15377 | Gauntlet | Found a transporter.
 15381 | Gauntlet | Found a transporter.
 15389 | Gauntlet | Found a transporter.
 15393 | Gauntlet | Found a transporter.
 15393 | Gauntlet | Found the +8 mithril axe "Arga" {speed, Will+}
 15423 | Gauntlet | Noticed a smoke demon
 15829 | Gauntlet | Killed a smoke demon
 15830 | Gauntlet | Reached skill level 1 in Axes
 16011 | Gauntlet | Killed a white ugly thing
 16011 | Gauntlet | Killed a glowing orange brain
 16012 | Gauntlet | Reached skill level 3 in Axes
 16016 | Gauntlet | Identified the +0 helmet "Eddut" {Dex+7}
 16041 | Gauntlet | Identified the +6 hand crossbow "Aklu" {vorpal, rF+ Str+5
                  | Stlth-}
 16041 | Gauntlet | Identified the +7 rapier of the Eight Leylines {venom, rF++
                  | Str+6 Dex-4}
 16041 | Gauntlet | Noticed a minotaur
 16058 | Gauntlet | Killed a minotaur
 16059 | Gauntlet | Reached skill level 4 in Axes
 16419 | D:11     | Identified the +0 pair of gloves of Impermeability {rElec
                  | rC+ rN++ Int+3}
 16684 | D:11     | Reached XP level 11. HP: 70/89 MP: 27/27
 16696 | D:11     | Reached skill level 5 in Axes
 17324 | Lair:1   | Entered Level 1 of the Lair of Beasts
 17432 | Lair:1   | Reached skill level 6 in Axes
 18005 | D:9      | Reached skill level 7 in Axes
 18374 | Lair:1   | Reached skill level 8 in Axes
 18845 | Lair:1   | Reached skill level 9 in Axes
 19290 | Lair:2   | Found a staircase to the Swamp.
 20488 | Lair:3   | Reached skill level 10 in Axes
 20618 | Lair:2   | Reached skill level 5 in Armour
 20618 | Lair:2   | Reached XP level 12. HP: 70/96 MP: 24/28
 21392 | Lair:3   | Found a staircase to the Snake Pit.
 21411 | Lair:3   | Slain by a death yak

Illustrated notes

Levels and vault maps discovered:
D:1:      dpeg_chamrin_arrival_tetris, layout_loops_cross,
          basic_ecumenical_altar, minmay_misc_feat_five, minmay_tromino_i2
D:2:      layout_loops_ring, uniq_robin, uniq_sigmund
D:3:      layout_loops_ring, eino_curves_01, minmay_between
D:4:      layout_basic, sigmund_army, uniq_ijyb
D:5:      layout_basic, trog_butcher_becter, uniq_eustachio
D:6:      layout_loops_ring
D:7:      layout_gridville, minmay_temple_entry_mist, chequers_arboretum,
          minmay_a_box_with_orc_wizards_in_it
D:8:      layout_cave_pods, jiyva_altar_1
D:9:      layout_roguey, erik_lair_orcish_takeover, minivault_26
D:10:     layout_irregular_city
D:11:     layout_grid_maze, gauntlet_entry_generic
Lair:1:   layout_chaotic_city
Lair:2:   layout_regular_city, minmay_swamp_entry_swarm, beast_lair_carwin_7,
          serial_bayou_shore_a, grunt_megastairs_2
Lair:3:   layout_loops_ring, minmay_snake_entry_six_corridors

Skill      XL: |  1  2  3  4  5  6  7  8  9 10 11 |
---------------+----------------------------------+-----
Necromancy     | 3 4 6 7 8 |  8.0
Spellcasting   | 2 3 4 5 6 7 8 |  8.0
Evocations     | 1 2 |  2.0
Fighting       | 4 6 |  6.0
Earth Magic    | 5 8 |  8.0
Axes           | 4 10 | 10.8
Armour         | 5 |  5.0
Stealth        | |  1.0
Poison Magic   | |  1.7

Action                   |  1- 3 |  4- 6 |  7- 9 | 10-12 || total
-------------------------+-------+-------+-------+-------++-------
Melee: Dagger            |     9 |       |    16 |    14 ||    39
       Short sword       |       |    19 |    34 |       ||    53
       Punch             |       |       |     1 |     4 ||     5
       Broad axe         |       |       |       |   201 ||   201
Throw: Dart              |       |     1 |       |       ||     1
 Cast: Pain              |   103 |   130 |   311 |    47 ||   591
       Vampiric Draining |       |     9 |    68 |    60 ||   137
       Sting             |       |     1 |       |       ||     1
       Dispel Undead     |       |     2 |     7 |     3 ||    12
       Lee's Rapid Decon |       |       |       |    58 ||    58
Evoke: Wand              |       |     5 |     1 |     5 ||    11
  Use: Potion            |     2 |     2 |       |     4 ||     8
       Scroll            |       |       |    13 |     6 ||    19
 Stab: Paralysed         |       |       |       |    14 ||    14
Armor: Leather armour    |    18 |    15 |    84 |       ||   117
       Skin              |     9 |       |       |       ||     9
       Steam dragon scal |       |       |    23 |   109 ||   132
Dodge: Dodged            |    29 |    42 |   138 |   166 ||   375

Table legend: (Time is in decaauts)
 A = Elapsed time spent in this place.
 B = Non-inter-level travel time spent in this place.
 C = Inter-level travel time spent in this place.
 D = Time resting spent in this place.
 E = Time spent auto-exploring this place.
 F = Levels seen in this place.
 G = Mean time per level.
                   A        B        C        D        E       F      G
               +--------+--------+--------+--------+--------+-----+--------+
         Total |  21439 |  20771 |    668 |   9619 |   8122 |  15 | 1429.3 |
       Dungeon |  16968 |  16449 |    519 |   7493 |   6713 |  11 | 1542.5 |
          Lair |   3592 |   3443 |    149 |   1648 |   1279 |   3 | 1197.3 |
      Gauntlet |    878 |    878 |      0 |    478 |    129 |   1 |  878.0 |
               +--------+--------+--------+--------+--------+-----+--------+

Top non-repeatable levels by time:
     D:1: 2544 daAuts
  Lair:2: 2274 daAuts
     D:5: 1942 daAuts
     D:8: 1799 daAuts
     D:9: 1542 daAuts
     D:4: 1447 daAuts
     D:3: 1364 daAuts
     D:6: 1347 daAuts
     D:2: 1343 daAuts
     D:7: 1337 daAuts
    D:11: 1269 daAuts
  Lair:1: 1201 daAuts
    D:10: 1030 daAuts
Gauntlet: 878 daAuts
  Lair:3: 117 daAuts
